 Dungeon Crawl Stone Soup version 0.31-a0-705-ga145531891 (webtiles) character file.

Game seed: 14908001484036962468

75726 sjdaat the Basher (level 15, 0/12 HPs)
             Began as a Demonspawn Berserker on Sept 4, 2023.
             Was an Elder of Trog.
             Slain by a wraith (5 damage)
             ... on level 12 of the Dungeon on Sept 9, 2023.
             The game lasted 03:20:11 (22336 turns).

sjdaat the Basher (Demonspawn Berserker)           Turns: 22336, Time: 03:20:11

Health: 0/12       AC: 14    Str: 30    XL:     15   Next: 10%
Magic:  15/15      EV: 15    Int: 10    God:    Trog [****..]
Gold:   272        SH:  0    Dex: 16    Spells: 14/14 levels left

rFire   . . .        p - melded +6 flail (protect)
rCold   . . .        J - melded +1 tower shield {reflect}
rNeg    + + .        H - +4 scale mail "Xasep" {rN+ Dex+2}
rPois   .            D - +1 hat
rElec   .            I - scarf {repulsion}
rCorr   .            e - melded +0 pair of gloves
SInv    +            (boots unavailable)
Will    +....        c - amulet "Plog" {Faith rN+ Str+2}
Stlth   ++           u - +6 ring of strength
HPRegen 0.22/turn    M - ring of see invisible
MPRegen 0.14/turn

%: repel missiles, faith
@: blade hands, sanguine armoured, slowed, very slow
A: reduced hp, hooves 3, demonic guardian 1, spiny 2, sanguine armour 1, horns 1
a: Begin Untransformation, Renounce Religion, Berserk, Trog's Hand, Brothers in
Arms


You were on level 12 of the Dungeon.
You worshipped Trog.
Trog was greatly pleased with you.
You had blades for hands.
You visited 8 branches of the dungeon, and saw 24 of its levels.
You also visited: Volcano.

You collected 1854 gold pieces.
You spent 1582 gold pieces at shops.

Inventory:

Hand Weapons
 a - the +11 spear "Mavotsabb" {pain, *Rage rElec rC+}
   (You found it on level 2 of the Dungeon)

   rC+:       It protects you from cold.
   rElec:     It insulates you from electricity.
   *Rage:     It berserks you when you make melee attacks (+20% chance).
 n - a +2 rapier of distortion
 p - a +6 flail of protection (melded)
 r - the +11 dagger of Sloth {freeze, *Noise +Blink rElec Dex+3}
   (You took it off a gnoll on level 3 of the Dungeon)

   Dex+3:     It affects your dexterity (+3).
   rElec:     It insulates you from electricity.
   +Blink:    It lets you blink.
   *Noise:    It may make a loud noise when swung.
 B - a +3 quarterstaff of chaos
 G - a +4 short sword of speed
Missiles
 h - 59 poisoned darts
 w - 9 curare-tipped darts
 E - 8 javelins
 U - 4 atropa-tipped darts
Armour
 e - a +0 pair of gloves (melded)
 y - a +1 cloak of preservation
 D - a +1 hat (worn)
 H - the +4 scale mail "Xasep" (worn) {rN+ Dex+2}
   (You found it on level 9 of the Dungeon)

   Dex+2:     It affects your dexterity (+2).
   rN+:       It protects you from negative energy.
 I - a scarf of repulsion (worn)
 J - a +1 tower shield of reflection (melded)
 O - a +0 cloak of poison resistance
 W - a +4 plate armour
 X - a +3 plate armour of willpower
Jewellery
 c - the amulet "Plog" (around neck) {Faith rN+ Str+2}
   (You acquired it on level 4 of the Dungeon)

   [amulet of faith]

   Faith:     It allows you to gain divine favour quickly.
   Str+2:     It affects your strength (+2).
   rN+:       It protects you from negative energy.
 u - a +6 ring of strength (left blade hand)
 M - a ring of see invisible (right blade hand)
Talismans
 b - a dragon-blood talisman
 F - a maw talisman
 P - a blade talisman (active)
Wands
 d - a wand of iceblast (10)
 q - a wand of flame (10)
 K - a wand of mindburst (8)
 L - a wand of acid (5)
 Q - a wand of polymorph (2)
Scrolls
 g - a scroll of silence
 m - 3 scrolls of identify
 x - a scroll of noise
 z - 4 scrolls of amnesia
 R - a scroll of immolation
 T - 4 scrolls of poison
 Z - a scroll of teleportation
Potions
 f - a potion of berserk rage
 j - 5 potions of lignification
 k - a potion of curing
 o - a potion of ambrosia
 s - a potion of attraction
 t - 2 potions of heal wounds
 v - 4 potions of brilliance
 A - a potion of might
 N - a potion of invisibility
 V - 2 potions of magic
 Y - 2 potions of haste


   Skills:
 + Level 12.4 Fighting
 + Level 6.8 Short Blades
 + Level 14.4 Maces & Flails
 + Level 0.3 Polearms
 + Level 1.7 Throwing
 + Level 11.9 Armour
 + Level 8.7 Dodging
 + Level 5.6 Stealth
 + Level 6.0 Evocations


You had 14 spell levels left.
You didn't know any spells.
Your spell library contained the following spells:

 Spells                   Type           Power      Damage    Failure   Level
 Gell's Gravitas          Tloc           0%         N/A       89%         3
 Teleport Other           Tloc           0%         N/A       89%         3
 Dispersal                Tloc           0%         N/A       100%        6


Dungeon Overview and Level Annotations

Branches:
Dungeon (12/15)            Temple (1/1) D:4            Lair (5/5) D:8
 Shoals (1/4) Lair:3        Snake (1/4) Lair:3        Slime (1/5) Lair:5
    Orc (2/2) D:10            Elf (1/3) Orc:2       Volcano (visited)

Altars:
Ashenzari
Cheibriados
Dithmenos
Fedhas
Gozag
Hepliaklqana
Kikubaaqudgha
Makhleb
Nemelex Xobeh
Okawaru
Qazlal
Ru
Sif Muna
Trog
Uskayaw
Vehumet
Wu Jian
Xom
Yredelemnul
Lugonu

Shops:
D:4 :   Orc:2 **:[

Portals:
Abyss: Lair:5


Innate Abilities, Weirdness & Mutations

You have blades for hands.
Your maximum health is decreased, since you lack skill for your form.
You are incapable of wielding weapons or throwing items.
You have hooves in place of feet.
A weak demonic guardian rushes to your aid.
You are mostly covered in sharp spines.
When seriously injured, your blood forms armour. (AC +6)
You have a pair of small horns on your head.


Message History

You can't carry that many items.
You drop a beast talisman.
You see here a +1 tower shield of reflection.
J - a +1 tower shield of reflection You start putting on your armour.
You continue putting on your +1 tower shield of reflection. x3
HP restored.
You continue putting on your +1 tower shield of reflection.
You finish putting on your +1 tower shield of reflection.
You begin transforming.
You continue transforming. x3
Your hands turn into razor-sharp scythe blades.
Your +6 flail of protection melds into your body.
Your +0 pair of gloves melds into your body.
Your +1 tower shield of reflection melds into your body.
Your +6 flail of protection goes still.
You open the door.
There is an open door here.
You drop a +3 scale mail.
You drop a +6 ring of intelligence.
You drop a ring of ice.
You drop a ring of ice.
You open the door.
Found 5 stones.
Found a stone staircase leading down.
A wraith comes into view.
There is an open door here.
You hit the wraith but do no damage. Your kick misses the wraith.
The wraith hits you. The wraith drains your vigour!
You feel yourself slow down.
You barely miss the wraith. Your kick misses the wraith. The wraith hits you.
Ouch! That really hurt!
A demonic guardian appears!
Your blood congeals into armour.
The wraith drains your vigour!
You feel as though you will be slow longer.
You swap places.
Your rust devil closely misses the wraith.
The wraith closely misses you.
Items here: === [.
Your rust devil hits the wraith!
Your rust devil corrodes the wraith!
The wraith attacks as it pursues you! The wraith hits you.
You die...

#.........'..#.....)....
#.........##.'..........
#.........####..........
#.........# #..........
#.........# #..........
#.........# #..........
#.........# #..........
#.........# ###########
#######@### #W## #.4#
##'# .......(..#
..........# .......>..#
..........# ..........#


You could see a wraith (corroded, ally target) and a friendly rust devil
(summoned).

Vanquished Creatures
  An orc warlord (Orc:2)
  2 quicksilver oozes (Slime:1)
  Snorg (D:11)
  Josephine (D:11)
  2 hydras (Lair:4)
  2 catoblepae
  2 anacondas (Snake:1)
  A boulder beetle (Lair:2)
  A naga warrior (Snake:1)
  2 two-headed ogres
  2 death yaks (Lair:2)
  3 thrashing horrors (Lair:5)
  An orc high priest (Orc:2)
  Sonja (Lair:1)
  A shock serpent (Snake:1)
  5 skysharks
  An orc knight (Orc:1)
  A salamander (Snake:1)
  An oklob plant (Lair:1)
  2 manticores
  An ugly thing (Lair:5)
  3 orc sorcerers (Orc:2)
  A naga mage (Snake:1)
  4 elephants
  10 black mambas
  9 cane toads
  A smoke demon (Lair:5)
  Jeremiah (D:6)
  5 rime drakes
  2 kobold demonologists (D:11)
  6 komodo dragons
  A polar bear (Lair:1)
  The ghost of Battleaxe07 the Cudgeller, an amateur MeBe of Trog (D:7)
  A wind drake (Lair:3)
  A merfolk (Shoals:1)
  2 hornets
  3 trolls
  23 blink frogs
  A raiju (Lair:5)
  2 large abominations (Lair:5)
  5 slime creatures (Slime:1)
  A culicivora (shapeshifter) (Lair:5)
  A spriggan (Lair:5)
  3 wraiths (D:11)
  5 wyverns
  2 fire elementals (Orc:2)
  A water elemental (Shoals:1)
  A shadow (D:11)
  65 yaks
  4 steam dragons
  4 basilisks
  3 chaos spawn (Lair:5)
  4 vampire mosquitoes (D:11)
  7 small abominations (Lair:5)
  2 wargs (Orc:2)
  3 nagas (Snake:1)
  22 water moccasins
  2 hell hounds (Orc:2)
  22 orc warriors
  3 ice beasts
  3 black bears
  A sky beast (D:7)
  3 ogres
  2 phantoms
  5 centaurs
  13 wolves
  11 kobold brigands
  27 bullfrogs
  A gnoll sergeant (D:12)
  2 scorpions (D:6)
  7 wights
  5 killer bees (D:7)
  3 electric eels
  A howler monkey (D:11)
  4 crimson imps (D:5)
  14 orc priests
  4 hounds
  4 jellies
  Crazy Yiuf (D:6)
  A gnoll bouda (D:8)
  4 iguanas
  3 sleepcaps
  Natasha (twice) (D:2)
  Terence (D:3)
  17 orc wizards
  9 adders
  14 gnolls
  A shadow imp (D:7)
  3 worms
  3 dart slugs
  65 orcs
  2 ball pythons
  6 bats
  6 endoplasms
  3 giant cockroaches (D:1)
  8 goblins
  17 hobgoblins
  7 jackals
  6 quokkas
  4 frilled lizards
  30 kobolds
  28 rats
  A spectral hobgoblin (D:3)
623 creatures vanquished.

Vanquished Creatures (collateral kills)
  Azrael (Orc:2)
  A hydra (Lair:2)
  Fannar (Lair:2)
  A two-headed ogre (D:10)
  A death yak (Lair:2)
  2 orc high priests (Orc:2)
  4 orc knights (Orc:2)
  An orc sorcerer (Orc:2)
  2 black mambas
  A smoke demon (Lair:5)
  A cane toad (Lair:2)
  A polar bear (Lair:2)
  2 raiju (Lair:5)
  A blink frog (Lair:5)
  2 small abominations (Lair:5)
  A wyvern (Lair:2)
  A large abomination (Lair:5)
  2 nagas (Snake:1)
  3 water moccasins
  A hell hound (Orc:2)
  4 orc warriors
  A wolf (Lair:1)
  2 bullfrogs (Lair:2)
  An electric eel (D:10)
  An orc priest (Orc:2)
  3 orc wizards
  5 orcs
47 creatures vanquished.

Vanquished Creatures (others)
  An orc wizard (D:10)
  An orc (D:10)
2 creatures vanquished.

Grand Total: 672 creatures vanquished

Notes
Turn   | Place    | Note
-------+----------+-------------------------------------------
     0 | D:1      | sjdaat the Demonspawn Berserker began the quest for the
                  | Orb.
     0 | D:1      | Reached XP level 1. HP: 18/18 MP: 1/1
   313 | D:1      | Gained mutation: You are partially covered in sharp spines.
                  | [demonic ancestry]
   313 | D:1      | Reached XP level 2. HP: 16/24 MP: 2/2
   742 | D:1      | Gained mutation: You have large cloven feet. [demonic
                  | ancestry]
   742 | D:1      | Reached XP level 3. HP: 26/29 MP: 3/3
   820 | D:1      | Reached ** piety under Trog
  1098 | D:2      | Noticed Natasha
  1109 | D:2      | Killed Natasha
  1110 | D:2      | Gained mutation: You have hoof-like feet. [demonic
                  | ancestry]
  1110 | D:2      | Reached XP level 4. HP: 37/37 MP: 4/4
  1235 | D:2      | Identified the +11 spear "Mavotsabb" {pain, *Rage rElec
                  | rC+}
  1553 | D:2      | Noticed Natasha
  1561 | D:2      | Killed Natasha
  1709 | D:2      | Gained mutation: When seriously injured, your blood forms
                  | armour. (AC +6) [demonic ancestry]
  1709 | D:2      | Reached XP level 5. HP: 42/42 MP: 5/5
  1906 | D:3      | Noticed Terence
  1914 | D:3      | Killed Terence
  1949 | D:3      | Identified the +11 dagger of Sloth {freeze, *Noise +Blink
                  | rElec Dex+3}
  2082 | D:3      | Found a faded altar of an unknown god.
  2183 | D:3      | Reached *** piety under Trog
  2465 | D:3      | Found a burning altar of Makhleb.
  2680 | D:4      | Reached XP level 6. HP: 43/48 MP: 6/6
  2741 | D:4      | Noticed an ice beast
  2742 | D:4      | Found a staircase to the Ecumenical Temple.
  2752 | D:4      | Killed an ice beast
  2815 | D:4      | Reached skill level 5 in Short Blades
  2918 | D:4      | Found an ancient bone altar of Kikubaaqudgha.
  2974 | D:4      | Reached XP level 7. HP: 23/55 MP: 7/7
  3033 | D:4      | Identified a scroll of acquirement
  3033 | D:4      | Acquired the amulet "Plog" {Faith rN+ Str+2}
  3213 | D:4      | Found Fieddaokh's Vocational Training.
  3579 | D:4      | Upgraded the game from 0.31-a0-672-g7da72447bb to
                  | 0.31-a0-675-g238779eb0a
  3643 | D:5      | Entered Level 5 of the Dungeon
  4084 | D:5      | Found a shimmering altar of Xom.
  4339 | D:5      | Reached skill level 5 in Fighting
  4430 | D:5      | Gained mutation: You are mostly covered in sharp spines.
                  | [demonic ancestry]
  4430 | D:5      | Reached XP level 8. HP: 62/62 MP: 8/8
  4842 | D:5      | Reached skill level 1 in Stealth
  5180 | D:6      | Found a runed translucent door.
  5181 | D:6      | Noticed Crazy Yiuf
  5366 | D:6      | Noticed Jeremiah
  5550 | D:6      | Gained mutation: You have a pair of small horns on your
                  | head. [potion of mutation]
  5579 | D:6      | Reached skill level 1 in Maces & Flails
  5653 | D:6      | Killed Jeremiah
  5654 | D:6      | Reached skill level 2 in Maces & Flails
  5654 | D:6      | Reached skill level 5 in Armour
  5956 | D:6      | Found an opulent altar of Gozag.
  6465 | D:6      | Killed Crazy Yiuf
  6534 | D:7      | Noticed Battleaxe07's ghost (amateur MeBe)
  6534 | D:7      | Found a hazy altar of Hepliaklqana.
  6534 | D:7      | Found a runed translucent gate.
  6534 | D:7      | Found a runed translucent gate.
  6534 | D:7      | Found a runed translucent gate.
  6616 | D:7      | Reached skill level 3 in Maces & Flails
  6618 | D:7      | Gained mutation: You have hooves in place of feet. [demonic
                  | ancestry]
  6618 | D:7      | Reached XP level 9. HP: 55/68 MP: 9/9
  6794 | D:7      | Upgraded the game from 0.31-a0-675-g238779eb0a to
                  | 0.31-a0-691-g409c26aa35
  6816 | D:7      | Reached skill level 4 in Maces & Flails
  6971 | D:7      | Reached skill level 5 in Maces & Flails
  7035 | D:7      | Found a blossoming altar of Fedhas.
  7314 | D:7      | Killed Battleaxe07's ghost
  7314 | D:7      | Reached **** piety under Trog
  7315 | D:7      | Reached skill level 6 in Maces & Flails
  7326 | D:7      | Reached XP level 10. HP: 76/76 MP: 10/10
  7669 | Temple   | Entered the Ecumenical Temple
  8352 | D:8      | Found a staircase to the Lair.
  8352 | D:8      | Noticed an elephant
  8363 | D:8      | Killed an elephant
  8367 | D:8      | Reached skill level 7 in Maces & Flails
  8414 | D:8      | Reached skill level 5 in Dodging
  8724 | D:8      | Found a broken altar of Ashenzari.
  9252 | D:9      | Found a basalt altar of Yredelemnul.
  9253 | D:9      | Found a snail-covered altar of Cheibriados.
  9254 | D:9      | Found an ornate altar of the Wu Jian Council.
  9273 | D:9      | Paralysed by a hornet for 2 turns
  9757 | D:9      | Identified the +4 scale mail "Xasep" {rN+ Dex+2}
  9782 | D:9      | Reached skill level 8 in Maces & Flails
  9857 | D:9      | Found a sparkling altar of Nemelex Xobeh.
 10269 | D:10     | Entered Level 10 of the Dungeon
 10409 | D:10     | Noticed a two-headed ogre
 10418 | D:10     | Killed a two-headed ogre
 10419 | D:10     | Reached XP level 11. HP: 84/84 MP: 11/11
 10424 | D:10     | Noticed a two-headed ogre
 10429 | D:10     | Killed a two-headed ogre
 10430 | D:10     | Reached skill level 9 in Maces & Flails
 10475 | D:10     | Identified the +1 robe of the Saviour {+Inv rCorr}
 10613 | D:10     | Found a hide-covered altar of Uskayaw.
 10801 | D:10     | Reached skill level 1 in Evocations
 10815 | D:10     | Found a staircase to the Orcish Mines.
 11310 | Lair:1   | Entered Level 1 of the Lair of Beasts
 11310 | Lair:1   | Noticed an oklob plant
 11435 | Lair:1   | Killed an oklob plant
 11948 | Lair:1   | Reached skill level 10 in Maces & Flails
 11984 | Lair:1   | Gained mutation: A weak demonic guardian rushes to your
                  | aid. [demonic ancestry]
 11984 | Lair:1   | Reached XP level 12. HP: 93/94 MP: 12/12
 12145 | Lair:1   | Found a sacrificial altar of Ru.
 12337 | Lair:1   | Noticed Sonja
 12340 | Lair:1   | Killed Sonja
 12687 | Lair:2   | Noticed an eight-headed hydra
 12690 | Lair:2   | Noticed Fannar
 12694 | Lair:2   | Killed an eight-headed hydra
 12704 | Lair:2   | Killed Fannar
 12951 | Lair:2   | Reached skill level 11 in Maces & Flails
 13055 | Lair:2   | Noticed a boulder beetle
 13065 | Lair:2   | Killed a boulder beetle
 13232 | Lair:2   | Noticed a death yak
 13232 | Lair:2   | Noticed a death yak
 13232 | Lair:2   | Noticed a death yak
 13239 | Lair:2   | Killed a death yak
 13240 | Lair:2   | Reached skill level 10 in Armour
 13251 | Lair:2   | Killed a death yak
 13705 | Lair:3   | Noticed a catoblepas
 13712 | Lair:3   | Reached skill level 1 in Throwing
 13718 | Lair:3   | Killed a catoblepas
 13719 | Lair:3   | Reached XP level 13. HP: 102/102 MP: 13/13
 13940 | Lair:3   | Reached skill level 12 in Maces & Flails
 13986 | Lair:3   | Reached skill level 10 in Fighting
 14232 | Lair:3   | Found a staircase to the Snake Pit.
 14290 | Lair:3   | Found a staircase to the Shoals.
 14674 | Snake:1  | Entered Level 1 of the Snake Pit
 14796 | Snake:1  | Identified the +2 scale mail of Compassion {Will- Str+4}
 15327 | Snake:1  | HP: 4/95 [torment (1)]
 15634 | Shoals:1 | Entered Level 1 of the Shoals
 16433 | Lair:4   | Reached skill level 5 in Evocations
 16816 | Lair:5   | Entered Level 5 of the Lair of Beasts
 17206 | Lair:5   | Reached skill level 13 in Maces & Flails
 17349 | Lair:5   | Found a shimmering blue altar of Sif Muna.
 17431 | Lair:5   | Reached XP level 14. HP: 75/111 MP: 14/14
 18679 | Lair:5   | Found a corrupted altar of Lugonu.
 18679 | Lair:5   | Found a one-way gate to the infinite horrors of the Abyss.
 18794 | Lair:5   | Found a staircase to the Slime Pits.
 18806 | Slime:1  | Entered Level 1 of the Pits of Slime
 18825 | Slime:1  | Reached skill level 5 in Stealth
 18847 | Slime:1  | Noticed a quicksilver ooze
 18849 | Slime:1  | Noticed a quicksilver ooze
 18857 | Slime:1  | Upgraded the game from 0.31-a0-691-g409c26aa35 to
                  | 0.31-a0-703-gcfe89afef6
 18860 | Slime:1  | Killed a quicksilver ooze
 18861 | Slime:1  | Killed a quicksilver ooze
 18944 | Slime:1  | Noticed an acid blob
 18949 | Slime:1  | Upgraded the game from 0.31-a0-703-gcfe89afef6 to
                  | 0.31-a0-705-ga145531891
 19960 | Orc:1    | Entered Level 1 of the Orcish Mines
 20424 | Orc:2    | Entered Level 2 of the Orcish Mines
 20431 | Orc:2    | Noticed Azrael
 20432 | Orc:2    | Reached ***** piety under Trog
 20443 | Orc:2    | Noticed an orc warlord
 20458 | Orc:2    | Killed an orc warlord
 20485 | Orc:2    | Received a gift from Trog
 20495 | Orc:2    | Killed Azrael
 20498 | Orc:2    | Reached skill level 14 in Maces & Flails
 20616 | Orc:2    | Found a dark tunnel.
 20625 | Volcano  | Entered a volcano
 20777 | Orc:2    | Found a staircase to the Elven Halls.
 21074 | Orc:2    | Found Gir Zoic's Assorted Antiques.
 21174 | Orc:2    | Found Xeeriv's Book Shop.
 21177 | Orc:2    | Found Tefoirij's Antique Armour Shop.
 21177 | Orc:2    | Found Tuyheipu's Assorted Antiques.
 21217 | Orc:2    | Bought a scroll labelled FAUWIQA EXOH for 26 gold pieces
 21217 | Orc:2    | Bought a potion of heal wounds for 130 gold pieces
 21217 | Orc:2    | Bought a wand of iceblast (5) for 312 gold pieces
 21217 | Orc:2    | Bought a brown potion for 23 gold pieces
 21220 | Orc:2    | Bought a pair of glimmering gloves for 304 gold pieces
 21220 | Orc:2    | Identified the +2 pair of gloves "Cup Tuan" {rElec Regen+
                  | Str-5 Int+7} (You bought it in a shop on level 2 of the
                  | Orcish Mines)
 21232 | Orc:2    | Bought a potion of heal wounds for 125 gold pieces
 21232 | Orc:2    | Bought a scroll of teleportation for 75 gold pieces
 21232 | Orc:2    | Bought 2 potions of haste for 500 gold pieces
 21232 | Orc:2    | Bought a wand of flame (5) for 87 gold pieces
 21306 | Elf:1    | Entered Level 1 of the Elven Halls
 21581 | D:11     | Noticed Snorg
 21596 | D:11     | Killed Snorg
 21597 | D:11     | Reached XP level 15. HP: 90/121 MP: 15/15
 21679 | D:11     | Noticed Josephine
 21695 | D:11     | Killed Josephine
 22336 | D:12     | Slain by a wraith

Illustrated notes

Levels and vault maps discovered:
D:1:      dpeg_arrival_yet_another_circle, layout_basic, hex_medium
D:2:      layout_rooms, minmay_rat_hole, uniq_natasha
D:3:      layout_basic, lightli_temple_of_fire,
          dreamdust_ecumenical_altar_drowned_temple, minmay_pentomino_pile,
          uniq_terence
D:4:      layout_gridville, mainiacjoe_overflow_small_starburst,
          minmay_temple_entry_grid, nicolae_shop_vocational
D:5:      layout_basic, led_xom_imps
D:6:      layout_basic, grunt_gozag_breadcrumbs, uniq_jeremiah,
          uniq_crazy_yiuf_cottage
D:7:      layout_rooms, kennysheep_mini, lemuel_crystal_altar,
          gammafunk_ghost_nasty_kobolds, grunt_ministairs_1, hellmonk_no_cap
D:8:      layout_loops_corners, evilmike_ruin_ashenzari, david_lair_generic
D:9:      layout_gridville, lemuel_crystal_altar,
          nemelex_xobeh_ov_fountains_minmay,
          chequers_temple_overflow_statue_of_worship, serial_glass,
          glass_columns_b, glass_columns_a
D:10:     layout_big_octagon, nicolae_uskayaw_murder_on_the_dancefloor,
          erik_orc_2
D:11:     layout_roguey, uniq_snorg, uniq_josephine
D:12:     layout_roguey
Temple:   dpeg_three_leaves_temple
Lair:1:   layout_gridlike, basic_altar, st_stairs_11, dpeg_stationary_puzzle,
          grunt_megastairs_1, uniq_sonja
Lair:2:   layout_loops_ring, beast_lair_carwin_6, grunt_megastairs_5,
          lemuel_fruit_fields, uniq_fannar
Lair:3:   layout_gridlike, minmay_shoals_entry_beasts,
          minmay_snake_entry_six_corridors, chequers_serial_rivers_micro_c,
          infiniplex_staircase_pool, lemuel_fruit_tree
Lair:4:   layout_cave_pods, chequers_serial_rivers_room_a, grunt_megastairs_3,
          serial_bayou_shore_b
Lair:5:   hellmonk_lair_end_abyssal_woods, layout_hall_layers,
          dpeg_slime_entry_corner, lemuel_centaur_altar, serial_bayou_shore_a
Shoals:1: layout_shoals
Snake:1:  layout_concentric_octagons, grunt_megastairs_4, uniq_frances
Slime:1:  layout_caves
Orc:1:    cheibrodos_orc_bank, layout_caves
Orc:2:    st_orc_elflike, layout_diamond_mine, nicolae_volcano_entry_s_turn,
          basic_altar, uniq_azrael
Elf:1:    eino_elf_arrival_shootout, layout_geoelf_grid, basic_altar,
          minmay_elf_annihilation, minmay_shop_grove, uniq_roxanne

Skill      XL: |  1  2  3  4  5  6  7  8  9 10 11 12 13 14 15 |
---------------+----------------------------------------------+-----
Short Blades   | 3 4 5 6 |  6.8
Dodging        | 2 3 4 5 6 7 8 |  8.7
Armour         | 2 3 4 5 6 7 9 10 11 | 11.9
Fighting       | 4 5 6 7 8 9 10 12 | 12.4
Stealth        | 1 2 3 5 |  5.6
Maces & Flails | 3 6 8 10 11 13 14 | 14.4
Evocations     | 3 4 5 6 |  6.0
Throwing       | 1 |  1.7
Polearms       | |  0.3

Action                     |  1- 3 |  4- 6 |  7- 9 | 10-12 | 13-15 || total
---------------------------+-------+-------+-------+-------+-------++-------
  Melee: Short sword       |    26 |       |       |       |       ||    26
         Rapier            |    76 |   151 |   127 |       |       ||   354
         Kick              |     2 |       |    23 |   147 |   240 ||   412
         Spear             |       |     4 |       |       |       ||     4
         Punch             |       |     2 |     5 |     8 |     5 ||    20
         Flail             |       |       |   162 |   398 |   664 ||  1224
         Headbutt          |       |       |    20 |    92 |   135 ||   247
         Unarmed           |       |       |       |       |     2 ||     2
  Throw: Javelin           |       |       |       |     4 |     3 ||     7
         Dart              |       |       |       |     1 |     7 ||     8
 Invoke: Berserk           |     2 |     3 |     2 |     2 |     8 ||    17
         Trog's Hand       |     1 |     5 |    10 |    20 |    27 ||    63
         Brothers in Arms  |       |       |       |     8 |     7 ||    15
  Evoke: Wand              |       |       |       |    31 |    42 ||    73
    Use: Scroll            |       |     6 |    22 |    14 |    15 ||    57
         Potion            |       |       |    17 |     6 |    10 ||    33
   Stab: Distracted        |       |       |       |     1 |     1 ||     2
         Paralysed         |       |       |       |       |    11 ||    11
         Sleeping          |       |       |       |       |     1 ||     1
 Armour: Animal skin       |    36 |       |       |       |       ||    36
         Scale mail        |    16 |   107 |   178 |   370 |   553 ||  1224
  Dodge: Dodged            |    59 |    62 |   145 |   263 |   428 ||   957
         Repelled          |       |       |       |     6 |     6 ||    12
   Form: Blade             |       |       |       |       |     1 ||     1

Table legend: (Time is in decaauts)
 A = Elapsed time spent in this place.
 B = Non-inter-level travel time spent in this place.
 C = Inter-level travel time spent in this place.
 D = Time resting spent in this place.
 E = Time spent auto-exploring this place.
 F = Levels seen in this place.
 G = Mean time per level.
                   A        B        C        D        E       F      G
               +--------+--------+--------+--------+--------+-----+--------+
         Total |  22307 |  20666 |   1641 |    100 |   6345 |  25 |  892.3 |
       Dungeon |  12693 |  11664 |   1029 |    100 |   4258 |  12 | 1057.8 |
        Temple |     23 |     23 |      0 |      0 |      0 |   1 |   23.0 |
          Lair |   7314 |   6817 |    497 |      0 |   1852 |   5 | 1462.8 |
        Shoals |     27 |     27 |      0 |      0 |      0 |   1 |   27.0 |
     Snake Pit |    711 |    652 |     59 |      0 |    114 |   1 |  711.0 |
    Slime Pits |    163 |    163 |      0 |      0 |      0 |   1 |  163.0 |
  Orcish Mines |   1363 |   1307 |     56 |      0 |    120 |   2 |  681.5 |
   Elven Halls |      7 |      7 |      0 |      0 |      0 |   1 |    7.0 |
       Volcano |      2 |      2 |      0 |      0 |      0 |   1 |    2.0 |
               +--------+--------+--------+--------+--------+-----+--------+

Top non-repeatable levels by time:
  Lair:5: 2116 daAuts
     D:6: 1782 daAuts
     D:8: 1503 daAuts
  Lair:2: 1483 daAuts
     D:5: 1433 daAuts
  Lair:3: 1316 daAuts
     D:9: 1262 daAuts
  Lair:1: 1250 daAuts
    D:10: 1159 daAuts
  Lair:4: 1148 daAuts
     D:4: 1066 daAuts
     D:1: 968 daAuts
     D:3: 898 daAuts
   Orc:2: 880 daAuts
     D:7: 869 daAuts
